 Dungeon Crawl Stone Soup version 0.30-a0-297-g0ec75d9ef4 (webtiles) character file.

Game seed: 7949673922262762419

8850 purpskrrrp the Grappler (level 11, -26/94 HPs)
             Began as a Troll Fighter on Oct 19, 2022.
             Was an Initiate of Ru.
             Killed from afar by Fannar (45 damage)
             ... with a bolt of cold
             ... on level 10 of the Dungeon.
             The game lasted 00:18:06 (8801 turns).

purpskrrrp the Grappler (Troll Fighter)             Turns: 8801, Time: 00:18:07

Health: -26/94     AC: 20    Str: 30    XL:     11   Next: 15%
Magic:  10/10      EV:  6    Int:  4    God:    Ru [......]
Gold:   660        SH:  7    Dex:  9    Spells: 10/10 levels left

rFire   . . .      SeeInvis .      - Unarmed
rCold   . . .      Faith    .    b - +0 kite shield
rNeg    . . .      Spirit   .    s - +2 shadow dragon scales
rPois   .          Reflect  .    (helmet restricted)
rElec   .          Harm     .    y - +0 cloak {Stlth+}
rCorr   .          Rampage  .    (gloves unavailable)
Will    .....                    (boots unavailable)
Stlth   +++.......               w - amulet of magic regeneration
HPRegen 1.15/turn                l - ring of wizardry
MPRegen 0.52/turn                (no ring)

@: no status effects
A: large, unfitting armour, claws 3, regeneration 1, shaggy fur 1, tough skin 1
a: Renounce Religion, Sacrifice Arcana, Sacrifice Essence, Sacrifice Experience,
Reject Sacrifices


You were on level 10 of the Dungeon.
You worshipped Ru.
Ru was noncommittal.
You visited 2 branches of the dungeon, and saw 11 of its levels.
You also visited: Sewer.

You collected 750 gold pieces.
You spent 90 gold pieces at shops.

Inventory:

Hand Weapons
 f - a +2 dagger of protection
Armour
 a - a +0 robe
 b - a +0 kite shield (worn)
 s - +2 shadow dragon scales (worn)
 y - a +0 cloak of stealth (worn)
Jewellery
 l - a ring of wizardry (left claw)
 w - an amulet of magic regeneration (around neck)
Wands
 m - a wand of mindburst (11)
 C - a wand of iceblast (4)
 D - a wand of flame (12)
Scrolls
 g - a scroll of butterflies
 j - 7 scrolls of teleportation
 q - 4 scrolls of identify
 r - a scroll of enchant armour
 t - 2 scrolls of vulnerability
 v - 2 scrolls of poison
 x - 3 scrolls of immolation
 z - 3 scrolls of magic mapping
Potions
 d - 4 potions of attraction
 e - 5 potions of degeneration
 h - 7 potions of lignification
 i - 2 potions of flight
 k - 5 potions of magic
 n - 7 potions of curing
 o - a potion of ambrosia
 p - 2 potions of brilliance
 A - a potion of haste
 B - a potion of berserk rage {unknown}


   Skills:
 - Level 2.4 Fighting
 + Level 8.2 Armour
 - Level 2.4 Dodging
 - Level 2.6 Shields
 * Level 14.4 Unarmed Combat


You had 10 spell levels left.
You didn't know any spells.
Your spell library contained the following spells:

 Spells                   Type           Power      Damage    Failure   Level
 Call Canine Familiar     Summ           0%         N/A       99%         3
 Portal Projectile        Hex/Tloc       0%         N/A       99%         3
 Leda's Liquefaction      Hex/Erth       0%         N/A       100%        4


Dungeon Overview and Level Annotations

Branches:
Dungeon (10/15)            Temple (1/1) D:4             Orc (0/2) D:10
  Sewer (visited)
   Lair: D:8-11

Altars:
Ashenzari
Cheibriados
Dithmenos
Fedhas
Gozag
Hepliaklqana
Kikubaaqudgha
Makhleb
Nemelex Xobeh
Okawaru
Qazlal
Ru
Sif Muna
Trog
Uskayaw
Vehumet
Wu Jian
Xom
Yredelemnul
Zin
The Shining One

Annotations:
D:10 Fannar


Innate Abilities, Weirdness & Mutations

You are too large for most types of armour.
You have claws for hands.
Your natural rate of healing is unusually fast.
You are covered in fur. (AC +1)
You have tough skin. (AC +1)


Message History

You mangle Fannar!!
Fannar is almost dead.
You closely miss Fannar.
Fannar is almost dead.
You block the ice beast's attack.
The orc priest hits you with a +0 morningstar!
Fannar hits you but does no damage. Fannar freezes you!
* * * LOW HITPOINT WARNING * * *
Something hits you but does no damage.
You closely miss Fannar.
Fannar is almost dead.
You block the ice beast's attack.
The orc priest calls down the wrath of Beogh upon you.
Beogh smites you!
* * * LOW HITPOINT WARNING * * *
Fannar hits you with a staff of cold.
* * * LOW HITPOINT WARNING * * *
Fannar freezes you!
* * * LOW HITPOINT WARNING * * *
You hear some strange, mumbled words.
Something tries to affect you, but you resist.
You feel much better. The ice beast hits you.
* * * LOW HITPOINT WARNING * * *
The ice beast freezes you.
* * * LOW HITPOINT WARNING * * *
The orc priest hits you but does no damage.
Fannar barely misses you. Something hits you but does no damage.
As you read the scroll of butterflies, it crumbles to dust.
You hear the tinkle of a tiny bell.
You block the ice beast's attack.
The orc priest hits you but does no damage.
Fannar brushes some snowflakes from their robe.
Fannar gestures wildly while chanting.
Fannar blinks!
Something hits you but does no damage.
You swap places.
Fannar points at you and mumbles some strange words.
The bolt of cold hits your butterfly!!
Your butterfly dies!
Your butterfly disappears in a burst of colours!
The bolt of cold hits you!!!
You die...

..#....))....'.....##...##..##.##
<.'....)....##.....##...........+
..#.........######+##...........#
.>#............b....#........(.##
..##...##...##b...b##...##.....#
..########+###bbbbb##...########
......... #Ybobb##..........
.)....... #.b{b..#...(......
))....... .. #bb@b.b#..........
............ #...b..'..........
.###.#####'###ebbbb.#...##.....
.###.####..o##..b.b.#...# .....
.....o......##.bb..##..........
............##...b.##..........
.............#......#...##..
#########...##......#...# ##
######...##.....##....


You could see Fannar (ally target), an ice beast (summoned, ally target) and an
orc priest (ally target).

Vanquished Creatures
  Harold (D:10)
  Urug (D:10)
  A troll (D:10)
  Grinder (D:4)
  A hornet (D:9)
  4 slime creatures (D:9)
  A wyvern (D:9)
  A wraith (D:9)
  A vampire (D:10)
  4 yaks (D:9)
  Grum (D:8)
  A water moccasin (D:7)
  4 black bears
  5 orc warriors
  A sky beast (D:7)
  2 ice beasts
  2 ogres (D:5)
  2 wolves (D:8)
  A phantom (D:3)
  3 centaurs
  Blork the orc (D:4)
  4 kobold brigands
  A necrophage (D:5)
  6 scorpions
  11 wights
  12 killer bees
  An electric eel (D:6)
  2 howler monkeys (D:6)
  5 hounds
  3 jellies
  3 orc priests
  Jessica (D:3)
  15 orc wizards
  Terence (D:3)
  7 iguanas
  Ijyb (D:4)
  A mummy (D:5)
  18 adders
  5 river rats (Sewer)
  2 gnolls (D:4)
  A shadow imp (D:6)
  2 white imps (D:8)
  6 worms
  A dart slug (D:3)
  36 orcs
  13 ball pythons
  10 endoplasms
  6 giant cockroaches
  5 goblins
  9 hobgoblins
  5 jackals
  8 quokkas
  19 bats
  6 frilled lizards
  2 hobgoblin zombies (D:5)
  31 kobolds
  2 kobold zombies (D:5)
  8 rats
308 creatures vanquished.

Vanquished Creatures (others)
  4 fungi (D:6)
  12 plants
16 creatures vanquished.

Grand Total: 324 creatures vanquished

Notes
Turn   | Place    | Note
-------+----------+-------------------------------------------
     0 | D:1      | purpskrrrp the Troll Fighter began the quest for the Orb.
     0 | D:1      | Reached XP level 1. HP: 22/22 MP: 0/0
   172 | D:1      | Reached XP level 2. HP: 29/29 MP: 1/1
   180 | D:1      | Reached skill level 3 in Unarmed Combat
   378 | D:1      | Reached XP level 3. HP: 34/36 MP: 2/2
   818 | D:2      | Reached skill level 4 in Unarmed Combat
   900 | D:2      | Reached XP level 4. HP: 44/44 MP: 3/3
  1643 | D:3      | Noticed Terence
  1651 | D:3      | Reached skill level 5 in Unarmed Combat
  1660 | D:3      | Killed Terence
  1661 | D:3      | Reached XP level 5. HP: 50/50 MP: 4/4
  2220 | D:3      | Noticed Jessica
  2233 | D:3      | Killed Jessica
  2234 | D:3      | Reached skill level 1 in Armour
  2515 | D:4      | Noticed a phantom
  2532 | D:3      | Killed a phantom
  2537 | D:4      | Reached XP level 6. HP: 59/59 MP: 5/5
  2553 | D:4      | Reached skill level 6 in Unarmed Combat
  2625 | D:4      | Found a glowing silver altar of Zin.
  2681 | D:4      | Noticed Blork the orc
  2696 | D:4      | Killed Blork the orc
  2697 | D:4      | Reached XP level 7. HP: 58/66 MP: 6/6
  2754 | D:4      | Found a glowing drain.
  2759 | Sewer    | Entered a sewer
  2809 | Sewer    | Reached skill level 7 in Unarmed Combat
  3658 | D:4      | Found a staircase to the Ecumenical Temple.
  3753 | D:4      | Noticed Grinder
  3758 | D:4      | Noticed Ijyb
  3762 | D:4      | Killed Grinder
  3771 | D:4      | Killed Ijyb
  3772 | D:4      | Reached skill level 8 in Unarmed Combat
  4347 | Temple   | Entered the Ecumenical Temple
  4582 | Temple   | Became a worshipper of Ru the Awakened
  4628 | D:5      | Entered Level 5 of the Dungeon
  4647 | D:5      | Reached XP level 8. HP: 73/74 MP: 7/7
  4781 | D:5      | Reached skill level 9 in Unarmed Combat
  4835 | D:5      | Found a hazy altar of Hepliaklqana.
  4853 | D:5      | Found an ornate altar of the Wu Jian Council.
  5079 | D:5      | Found a burning altar of Makhleb.
  5432 | D:6      | Reached skill level 10 in Unarmed Combat
  5436 | D:6      | Reached skill level 5 in Armour
  5461 | D:6      | Reached XP level 9. HP: 75/80 MP: 8/8
  5911 | D:6      | Found a shimmering blue altar of Sif Muna.
  5946 | D:6      | Found an ancient bone altar of Kikubaaqudgha.
  5958 | D:6      | Found a radiant altar of Vehumet.
  6337 | D:7      | Found an iron altar of Okawaru.
  6573 | D:7      | Reached skill level 11 in Unarmed Combat
  6690 | D:7      | Found a bloodstained altar of Trog.
  6692 | D:7      | Found an opulent altar of Gozag.
  6944 | D:8      | Found Zin's Purification Station.
  6949 | D:8      | Found a glowing silver altar of Zin.
  6952 | D:8      | Bought a potion of curing for 90 gold pieces
  7013 | D:8      | Noticed Grum
  7021 | D:8      | Killed Grum
  7031 | D:8      | Reached skill level 12 in Unarmed Combat
  7042 | D:8      | Reached XP level 10. HP: 87/88 MP: 9/9
  7959 | D:9      | Reached skill level 13 in Unarmed Combat
  8340 | D:10     | Entered Level 10 of the Dungeon
  8419 | D:10     | Noticed Urug
  8438 | D:10     | Killed Urug
  8439 | D:10     | Reached skill level 14 in Unarmed Combat
  8468 | D:10     | Reached XP level 11. HP: 22/94 MP: 10/10
  8553 | D:10     | Found a staircase to the Orcish Mines.
  8723 | D:10     | Noticed Fannar
  8725 | D:10     | Noticed Harold
  8784 | D:10     | Killed Harold
  8798 | D:10     | HP: 1/94 [Fannar/staff of cold (11)]
  8801 | D:10     | Killed from afar by Fannar

Illustrated notes

Levels and vault maps discovered:
D:1:      elethiomel_arrival_quiet, layout_loops_ring, minmay_worlds_worst_comb
D:2:      layout_loops_ring, minmay_quadrilaterals
D:3:      layout_loops_corners, serial_bayou_lake_a, uniq_jessica, uniq_terence
D:4:      wad_woods_stonehenge, layout_loops_ring, temple_doors_cd,
          portal_sewer_entry_e, uniq_grinder, uniq_ijyb, uniq_blork_the_orc
D:5:      layout_basic, mainiacjoe_overflow_alcove_2,
          grunt_temple_overflow_open, chequers_serial_rivers_small_a,
          minmay_mini_ossuary
D:6:      layout_rooms, palyth_temple_overflow_mages, grunt_decor_junction,
          water_boxes_lemuel
D:7:      minmay_clustersquares, layout_loops_cross, general_overflow_altar,
          okawaru_metal_pillars_1_2, jmf_multi_god_temple,
          nicolae_lava_and_water
D:8:      layout_loops_ring, zin_purify, uniq_grum
D:9:      layout_loops_cross
D:10:     layout_gridville, orc_0_dummy, uniq_harold, uniq_urug, uniq_fannar
Temple:   grunt_temple_mini_profane

Skill      XL: |  1  2  3  4  5  6  7  8  9 10 11 |
---------------+----------------------------------+-----
Unarmed Combat | 3 4 5 6 8 10 12 14 | 14.4
Armour         | 1 2 3 5 6 7 8 |  8.2
Fighting       | |  2.4
Dodging        | |  2.4
Shields        | |  2.6

Action                   |  1- 3 |  4- 6 |  7- 9 | 10-12 || total
-------------------------+-------+-------+-------+-------++-------
Melee: Unarmed           |   105 |   181 |   475 |   281 ||  1042
  Use: Scroll            |       |     2 |    17 |     3 ||    22
       Potion            |       |       |     6 |     3 ||     9
 Stab: Sleeping          |     1 |     4 |    10 |     4 ||    19
       Distracted        |       |       |     1 |       ||     1
Armor: Robe              |    49 |    10 |       |       ||    59
       Shadow dragon sca |       |    83 |   284 |   184 ||   551
Dodge: Dodged            |    50 |    43 |    78 |    82 ||   253
Block: Kite shield       |    47 |    65 |   124 |   105 ||   341

Table legend: (Time is in decaauts)
 A = Elapsed time spent in this place.
 B = Non-inter-level travel time spent in this place.
 C = Inter-level travel time spent in this place.
 D = Time resting spent in this place.
 E = Time spent auto-exploring this place.
 F = Levels seen in this place.
 G = Mean time per level.
                   A        B        C        D        E       F      G
               +--------+--------+--------+--------+--------+-----+--------+
         Total |   8996 |   8442 |    554 |    125 |   6004 |  12 |  749.7 |
       Dungeon |   7848 |   7317 |    531 |    125 |   5335 |  10 |  784.8 |
        Temple |    259 |    236 |     23 |      0 |    170 |   1 |  259.0 |
         Sewer |    888 |    888 |      0 |      0 |    499 |   1 |  888.0 |
               +--------+--------+--------+--------+--------+-----+--------+

Top non-repeatable levels by time:
     D:4: 1138 daAuts
     D:3: 1006 daAuts
   Sewer: 888 daAuts
     D:6: 857 daAuts
     D:9: 839 daAuts
     D:1: 800 daAuts
     D:5: 790 daAuts
     D:2: 775 daAuts
     D:8: 628 daAuts
     D:7: 567 daAuts
    D:10: 445 daAuts
  Temple: 259 daAuts
